 Dungeon Crawl Stone Soup version 0.24-a0-48-g0ecae65 (webtiles) character file.

Game seed: 10244196609066677013

9401 Mgcat the Cleaver (level 11, -2/66 HPs)
             Began as a Tengu Berserker on Feb 3, 2019.
             Was a High Priest of Trog.
             Slain by a killer bee (5 damage)
             ... on level 10 of the Dungeon.
             The game lasted 00:18:33 (9512 turns).

Mgcat the Cleaver (Tengu Berserker)                 Turns: 9512, Time: 00:18:34

Health: -2/66      AC: 13    Str: 21    XL:     11   Next: 45%
Magic:  4/5        EV: 11    Int:  8    God:    Trog [*****.]
Gold:   803        SH:  0    Dex: 13    Spells: 10/10 levels left

rFire    + + .     SeeInvis .   w - +9 battleaxe (antimagic)
rCold    . . .     Gourm    .   (shield currently unavailable)
rNeg     . . .     Faith    +   p - +0 chain mail {rF+}
rPois    .         Spirit   .   (helmet restricted)
rElec    .         Reflect  .   i - +0 cloak
rCorr    .         Harm     .   j - +0 pair of gloves
MR       .....                  (boots unavailable)
Stlth    ..........             o - amulet of faith {Faith, !P}
HPRegen  0.21/turn              b - ring of stealth {Stlth+}
MPRegen  0.09/turn              n - ring of protection from fire {rF+, !d}

@: about to teleport, berserk cooldown, slowed, very slow
A: beak, talons 3, able to fly
a: Fly, Berserk, Trog's Hand, Brothers in Arms, Renounce Religion


You were on level 10 of the Dungeon.
You worshipped Trog.
Trog was extremely pleased with you.
You were not hungry.

You visited 2 branches of the dungeon, and saw 11 of its levels.

You collected 803 gold pieces.

Inventory:

Hand Weapons
 w - a +9 antimagic battleaxe (weapon)
   (Trog gifted it to you on level 8 of the Dungeon)
Missiles
 a - 7 curare-tipped needles
 s - 5 throwing nets {=f, !d}
Armour
 i - a +0 cloak (worn)
   (You found it on level 3 of the Dungeon)
 j - a +0 pair of gloves (worn)
   (You found it on level 8 of the Dungeon)
 p - a +0 chain mail of fire resistance (worn)
   (You took it off Duvessa on level 7 of the Dungeon)
Jewellery
 b - a ring of stealth (left hand) {Stlth+}
   (You found it on level 1 of the Dungeon)
 n - a ring of protection from fire (right hand) {rF+, !d}
   (You found it on level 4 of the Dungeon)
 o - an amulet of faith (around neck) {Faith, !P}
   (You found it on level 2 of the Dungeon)
Wands
 f - a wand of polymorph (8)
   (You found it on level 4 of the Dungeon)
 t - a wand of paralysis (21)
   (You found it on level 6 of the Dungeon)
 z - a wand of digging (6)
   (You found it on level 10 of the Dungeon)
Scrolls
 d - 7 scrolls of identify
 h - 2 scrolls of remove curse
 m - 3 scrolls of enchant weapon
 u - 4 scrolls of teleportation
Potions
 e - 2 potions of magic
 g - 4 potions of lignification {!q}
 k - 2 potions of flight
 l - 3 potions of brilliance
 q - 2 potions of curing
 r - a potion of berserk rage {!q}
 v - a potion of heal wounds {unknown}
 x - a potion of agility
Miscellaneous
 y - a sack of spiders
Comestibles
 c - 12 rations


   Skills:
 + Level 6.6 Fighting
 + Level 14.6 Axes
 + Level 6.8 Armour
 + Level 6.8 Dodging
 + Level 4.0 Evocations


You had 10 spell levels left.
You didn't know any spells.
Your spell library was empty.

Dungeon Overview and Level Annotations

Branches:
Dungeon (10/15)            Temple (1/1) D:7            Lair (0/6) D:10
    Orc: D:9-12

Altars:
Ashenzari
Dithmenos
Elyvilon
Gozag
Kikubaaqudgha
Nemelex Xobeh
Ru
Sif Muna
Vehumet
Wu Jian
Xom
Yredelemnul
The Shining One

Shops:
D:7 :

Annotations:
D:6 1 runed translucent door, ohad's ghost, novice FoFi


Innate Abilities, Weirdness & Mutations

You have a beak for a mouth.
You have claws for feet.
You can fly continuously.


Message History

Unknown command.
Lua error: [string "/dgldir/rcfiles/crawl-git/Mgcat.rc"]:934: invalid capture index You miss the killer bee.
The killer bee buzzes angrily.
You claw the killer bee!
You kill the killer bee!
Trog accepts your kill.
You miss the killer bee.
You hear an angry buzzing noise.
The killer bee stings you.
You take 2 damage, and have 31/99 hp.
Danger x6: killer bee x6!
Unknown command.
You slash the killer bee! You claw the killer bee.
Your peck misses the killer bee.
The killer bee is almost dead.
You slice the killer bee!!
You kill the killer bee!
Trog accepts your kill.
You feel sick. The killer bee completely misses you. The killer bee stings you.
* * * LOW HITPOINT WARNING * * *
You take 6 damage, and have 25/99 hp.
Danger x4: killer bee x4!
Unknown command.
You slice the killer bee!!
You kill the killer bee!
Trog accepts your kill.
Your Evocations skill increases to level 4!
You closely miss the killer bee. The killer bee misses you.
Danger x4: killer bee x4!
Unknown command.
You miss the killer bee. Your kick misses the killer bee.
Your peck misses the killer bee. You closely miss the killer bee.
You feel sick. The killer bee stings you.
* * * LOW HITPOINT WARNING * * *
The killer bee completely misses you.
The killer bee stings you but does no damage.
The killer bee barely misses you.
You take 3 damage, and have 23/99 hp.
Danger x4: killer bee x4!
Unknown command.
You slice the killer bee!!
You kill the killer bee!
Trog accepts your kill.
You closely miss the killer bee.
You are no longer berserk.
You are exhausted.
You feel yourself slow down.
The killer bee stings you but does no damage.
The killer bee barely misses you.
You now have 15/66 hp.
Warning x3: The killer bee is very fast and can poison! x3
Unknown command.
Unknown command.
Unknown command.
As you read the scroll of teleportation, it crumbles to dust.
You feel strangely unstable.
You feel sick. The killer bee closely misses you. The killer bee stings you.
* * * LOW HITPOINT WARNING * * *
The killer bee stings you.
* * * LOW HITPOINT WARNING * * *
The killer bee closely misses you. x2
The killer bee stings you but does no damage. x2
You take 11 damage, and have 4/66 hp.
Warning x3: The killer bee is very fast and can poison! x3
Unknown command.
Unknown command.
Unknown command.
Unknown command.
It was a potion of curing.
You feel better.
The killer bee stings you but does no damage.
The killer bee barely misses you.
The killer bee stings you but does no damage.
A killer bee comes into view.
The killer bee stings you but does no damage. x2
The killer bee barely misses you. The killer bee stings you.
* * * LOW HITPOINT WARNING * * *
The killer bee stings you.
* * * LOW HITPOINT WARNING * * *
The killer bee stings you but does no damage.
You take 1 damage, and have 3/66 hp.
Danger x4: killer bee x3, killer bee (wandering)!
Unknown command.
Lua error: [string "/dgldir/rcfiles/crawl-git/Mgcat.rc"]:934: invalid capture index Unknown command.
Lua error: [string "/dgldir/rcfiles/crawl-git/Mgcat.rc"]:934: invalid capture index Your surroundings seem slightly different.
Danger x4: killer bee x4!
Unknown command.
Unknown command.
Unknown command.
Unknown command.
Unknown command.
Unknown command.
Danger x4: killer bee x4!
As you read the scroll of teleportation, it crumbles to dust.
You feel strangely unstable.
The killer bee stings you but does no damage.
The killer bee stings you.
You die...

###
..#########
#.#@yy....#%
##..yy..##...
#..........#
#.#......###
#.##††.#.# #
#.###)##.###.
.#
#.....†.......
.##
##..##..#.###.
... .....
#.$#..... ..#


You could see 4 killer bees.

Vanquished Creatures
  Harold (D:7)
  A two-headed ogre (D:9)
  Joseph (D:7)
  A komodo dragon (D:10)
  A troll (D:10)
  2 meliai zombies (D:10)
  A vampire (D:10)
  7 yaks
  A hungry ghost (D:8)
  Menkaure (D:6)
  Duvessa (D:7)
  An orc warrior (D:7)
  4 ice beasts
  2 sky beasts
  2 necrophages
  An eye of draining (D:4)
  5 ogres
  3 centaurs
  A gnoll sergeant (D:8)
  2 bullfrogs
  Dowan (D:7)
  2 scorpions
  30 killer bees
  6 wights (D:8)
  2 howler monkeys
  5 crimson imps
  A quasit (D:5)
  2 bullfrog zombies
  3 jellies
  4 orc priests
  A bullfrog skeleton (D:4)
  5 hounds
  2 centaur skeletons
  10 orc wizards
  8 worker ants
  A killer bee zombie (D:5)
  A hound zombie (D:5)
  2 hound skeletons (D:7)
  A worker ant zombie (D:5)
  15 gnolls
  A howler monkey zombie (D:6)
  7 adders
  3 shadow imps
  2 oozes (D:3)
  4 worms
  3 dart slugs
  5 leopard geckos
  18 orcs
  11 bats
  8 giant cockroaches
  5 goblins
  6 hobgoblins
  14 jackals
  4 quokkas
  2 ball pythons (D:2)
  3 frilled lizards
  A jackal skeleton (D:9)
  7 kobolds
  2 leopard gecko skeletons
  A quokka skeleton (D:8)
  8 rats
  2 plants (D:10)
258 creatures vanquished.

Vanquished Creatures (others)
  A hungry ghost (D:10)
  2 plants (D:10)
3 creatures vanquished.

Grand Total: 261 creatures vanquished

Notes
Turn   | Place    | Note
-------+----------+-------------------------------------------
     0 | D:1      | Mgcat the Tengu Berserker began the quest for the Orb.
     0 | D:1      | Reached XP level 1. HP: 14/14 MP: 2/2
   168 | D:1      | Reached XP level 2. HP: 7/19 MP: 3/3
   519 | D:1      | Reached XP level 3. HP: 23/23 MP: 4/4
  1063 | D:2      | Reached ** piety under Trog
  1175 | D:2      | Reached skill level 3 in Armour
  1218 | D:2      | Reached XP level 4. HP: 22/28 MP: 5/5
  1250 | D:2      | Found a shimmering altar of Xom.
  1318 | D:2      | Found a glowing golden altar of the Shining One.
  1383 | D:2      | Reached skill level 3 in Dodging
  1721 | D:3      | Reached skill level 4 in Axes
  2258 | D:3      | Found a deep blue altar of Sif Muna.
  2258 | D:3      | HP: 5/29 [goblin/sling bullet (3)]
  2265 | D:3      | HP: 3/29 [poisoned by a kobold]
  2271 | D:3      | HP: 3/43 [poisoned by a kobold]
  2276 | D:3      | HP: 2/43 [poisoned by a kobold]
  2782 | D:4      | Noticed an ogre
  2788 | D:4      | Killed an ogre
  2788 | D:4      | Reached skill level 4 in Fighting
  2788 | D:4      | Gained mutation: You can fly continuously. [Tengu growth]
  2788 | D:4      | Reached XP level 5. HP: 33/33 MP: 6/6
  2922 | D:4      | Found a shattered altar of Ashenzari.
  2923 | D:4      | Noticed an eye of draining
  2931 | D:4      | Reached XP level 6. HP: 34/38 MP: 4/7
  2935 | D:4      | Killed an eye of draining
  2935 | D:4      | Reached *** piety under Trog
  2935 | D:4      | Reached skill level 4 in Armour
  2935 | D:4      | Reached skill level 4 in Dodging
  3146 | D:4      | Reached skill level 5 in Axes
  3431 | D:4      | Found a sacrificial altar of Ru.
  3510 | D:4      | Reached XP level 7. HP: 42/44 MP: 8/8
  3604 | D:5      | Entered Level 5 of the Dungeon
  3742 | D:5      | Reached skill level 5 in Fighting
  3863 | D:5      | Reached skill level 5 in Armour
  3864 | D:5      | Reached skill level 5 in Dodging
  3869 | D:5      | Reached **** piety under Trog
  3925 | D:5      | Reached skill level 6 in Axes
  3925 | D:5      | Reached XP level 8. HP: 46/49 MP: 9/9
  3947 | D:5      | Reached skill level 7 in Axes
  4396 | D:6      | Received a gift from Trog
  4409 | D:6      | Reached skill level 8 in Axes
  4776 | D:6      | Noticed Menkaure
  4791 | D:6      | Killed Menkaure
  4791 | D:6      | Reached skill level 9 in Axes
  4969 | D:6      | Found a runed translucent door.
  4974 | D:6      | Noticed ohad's ghost (novice FoFi)
  4978 | D:6      | Found a white marble altar of Elyvilon.
  5013 | D:6      | Found a shadowy altar of Dithmenos.
  5022 | D:6      | Reached ***** piety under Trog
  5034 | D:6      | Reached XP level 9. HP: 39/54 MP: 10/10
  5312 | D:7      | Noticed Joseph
  5354 | D:7      | Found a sparkling altar of Nemelex Xobeh.
  5409 | D:7      | Reached skill level 10 in Axes
  5566 | D:7      | Noticed Duvessa
  5573 | D:7      | Noticed Dowan
  5575 | D:7      | Killed Joseph
  5575 | D:7      | Reached skill level 11 in Axes
  5579 | D:7      | Killed Duvessa
  5581 | D:7      | Killed Dowan
  5643 | D:7      | Found a staircase to the Ecumenical Temple.
  5685 | D:7      | Noticed Harold
  5710 | D:7      | Killed Harold
  5710 | D:7      | Reached skill level 12 in Axes
  5887 | D:7      | Reached XP level 10. HP: 53/59 MP: 11/11
  5896 | Temple   | Entered the Ecumenical Temple
  6060 | D:7      | Found Xiaqeosi's Book Emporium.
  6557 | D:7      | Reached skill level 13 in Axes
  6569 | D:7      | Found an ancient bone altar of Kikubaaqudgha.
  6569 | D:7      | Found a radiant altar of Vehumet.
  6569 | D:7      | Found a basalt altar of Yredelemnul.
  6773 | D:8      | Received a gift from Trog
  7354 | D:8      | Reached skill level 14 in Axes
  7641 | D:8      | Found an ornate altar of the Wu Jian Council.
  7907 | D:9      | Found an opulent altar of Gozag.
  7953 | D:9      | Reached skill level 1 in Evocations
  7990 | D:9      | Reached skill level 2 in Evocations
  8185 | D:9      | Noticed a two-headed ogre
  8192 | D:9      | Killed a two-headed ogre
  8192 | D:9      | Reached skill level 6 in Dodging
  8253 | D:9      | Reached XP level 11. HP: 64/64 MP: 4/14
  8299 | D:9      | Reached skill level 6 in Armour
  8555 | D:10     | Entered Level 10 of the Dungeon
  8568 | D:10     | Reached skill level 6 in Fighting
  8568 | D:10     | Reached skill level 3 in Evocations
  8899 | D:10     | Found a staircase to the Lair.
  9171 | D:10     | Received a gift from Trog
  9506 | D:10     | Reached skill level 4 in Evocations
  9507 | D:10     | HP: 23/99 [killer bee (2)]
  9509 | D:10     | HP: 10/66 [killer bee (4)]
  9509 | D:10     | HP: 4/66 [killer bee (6)]
  9512 | D:10     | Slain by a killer bee

Vault maps used:
D:1:      minmay_arrival_checkered_box, minmay_misc_feat_alley,
          corexii_item_surrounded_by_moat, fountainhead
D:2:      old_standard_altar, xom_teletrap_fun, minmay_close_crescents
D:3:      lemuel_crystal_altar, first_ration, kennysheep_decorative_pillar
D:4:      nicolae_ru_sacrificial_ziggurat, overflow_temple_1_default,
          minmay_misc_feat_chi, minivault_19
D:6:      kennysheep_mini_moat, grunt_dithmenos_shadows, ebering_ghost_sewer_d,
          uniq_menkaure
D:7:      nicolae_overflow_crystal_walls, minitemple, minmay_temple_entry_tees,
          serial_shops, shop_coins, uniq_joseph, uniq_harold, uniq_duvessa
D:8:      minmay_curly_fans, nicolae_overflow_hidden_temple, roderic_lattice_a,
          grunt_ministairs_6
D:9:      old_standard_altar
D:10:     david_lair_shrubbed, special_room
Temple:   jpeg_temple_island

Skill      XL: |  1  2  3  4  5  6  7  8  9 10 11 |
---------------+----------------------------------+-----
Armour         | 3 4 5 6 |  6.8
Dodging        | 3 4 5 6 |  6.8
Axes           | 4 5 6 9 12 14 | 14.6
Fighting       | 4 5 6 |  6.6
Evocations     | 2 4 |  4.0

Action                   |  1- 3 |  4- 6 |  7- 9 | 10-12 || total
-------------------------+-------+-------+-------+-------++-------
Melee: Hand axe          |    72 |   116 |   260 |    66 ||   514
       Kick              |    22 |    29 |    82 |    54 ||   187
       Peck              |     7 |    20 |    56 |    36 ||   119
       Battleaxe         |       |       |       |   185 ||   185
Invok: Berserk           |       |     2 |     7 |     4 ||    13
       Trog's Hand       |       |       |     1 |       ||     1
Evoke: Wand              |       |       |       |     8 ||     8
  Use: Scroll            |     5 |     5 |       |     5 ||    15
       Potion            |       |     4 |       |     2 ||     6
  Eat: Chunk             |     1 |     5 |    11 |    12 ||    29
       Ration            |       |     1 |     1 |     2 ||     4
Armor: Animal skin       |     7 |       |       |       ||     7
       Chain mail        |    11 |    63 |   188 |   115 ||   377
       Skin              |       |       |       |    48 ||    48
Dodge: Dodged            |    36 |    54 |   146 |   150 ||   386

Table legend:
 A = Non-vault XP
 B = Vault XP
 C = Vault XP percentage of total XP
 D = Non-vault monster count
 E = Vault monster count
 F = Vault count percentage of total count
                 A         B        C        D         E       F
            +---------+---------+-------+---------+---------+-------
      Total |    9814 |    3616 |  26.9 |     227 |      30 |  11.7
            +---------+---------+-------+---------+---------+-------
        D:1 |      43 |       0 |   0.0 |      21 |       0 |   0.0
        D:2 |      46 |       8 |  14.8 |      21 |       3 |  12.5
        D:3 |      73 |       0 |   0.0 |      21 |       0 |   0.0
        D:4 |     487 |       0 |   0.0 |      12 |       0 |   0.0
        D:5 |     837 |       0 |   0.0 |      32 |       0 |   0.0
        D:6 |     705 |     180 |  20.3 |      34 |       2 |   5.6
        D:7 |     747 |    1673 |  69.1 |      17 |       4 |  19.0
        D:8 |    1693 |     356 |  17.4 |      26 |       3 |  10.3
        D:9 |    2768 |       0 |   0.0 |      23 |       0 |   0.0
       D:10 |    2415 |    1399 |  36.7 |      20 |      18 |  47.4
            +---------+---------+-------+---------+---------+-------

Vault maps used:
D:1:      minmay_arrival_checkered_box, minmay_misc_feat_alley,
          corexii_item_surrounded_by_moat, fountainhead
D:2:      old_standard_altar, xom_teletrap_fun, minmay_close_crescents
D:3:      lemuel_crystal_altar, first_ration, kennysheep_decorative_pillar
D:4:      nicolae_ru_sacrificial_ziggurat, overflow_temple_1_default,
          minmay_misc_feat_chi, minivault_19
D:6:      kennysheep_mini_moat, grunt_dithmenos_shadows, ebering_ghost_sewer_d,
          uniq_menkaure
D:7:      nicolae_overflow_crystal_walls, minitemple, minmay_temple_entry_tees,
          serial_shops, shop_coins, uniq_joseph, uniq_harold, uniq_duvessa
D:8:      minmay_curly_fans, nicolae_overflow_hidden_temple, roderic_lattice_a,
          grunt_ministairs_6
D:9:      old_standard_altar
D:10:     david_lair_shrubbed, special_room
Temple:   jpeg_temple_island

Table legend:
 A = Turns spent in this place as a percentage of turns spent in the entire game.
 B = Non-inter-level travel turns spent in this place as a percentage of non-inter-level travel turns spent in the entire game.
 C = Inter-level travel turns spent in this place as a percentage of turns spent in this place.
 D = Turns resting spent in this place as a percentage of non-inter-level travel turns spent in this place.
 E = Turns spent auto-exploring this place as a percentage of non-inter-level travel turns spent in this place.
 F = Non-inter-level travel turns spent in this place divided by the number of levels of this place that you've seen.
                   A       B       C       D       E      F
               +-------+-------+-------+-------+-------+----------------------
         Total | 100.0 | 100.0 |   5.4 |  17.1 |  66.1 | 818.3
       Dungeon |  98.9 |  98.9 |   5.3 |  17.0 |  66.1 | 890.6
        Temple |   1.1 |   1.1 |   8.7 |  28.4 |  68.4 |  95.0
               +-------+-------+-------+-------+-------+----------------------

Table legend:
 A = Kills in this place as a percentage of kills in entire the game.
 B = Kills by you in this place as a percentage of kills by you in the entire game.
 C = Kills by friends in this place as a percentage of kills by friends in the entire game.
 D = Other kills in this place as a percentage of other kills in the entire game.
 E = Experience gained in this place as a percentage of experience gained in the entire game.
 F = Experience gained in this place divided by the number of levels of this place that you have seen.
                   A       B       C       D       E      F
               +-------+-------+-------+-------+-------+----------------------
         Total | 100.0 | 100.0 |   N/A | 100.0 | 100.0 | 1220.9
       Dungeon | 100.0 | 100.0 |   N/A | 100.0 | 100.0 | 1343.0
               +-------+-------+-------+-------+-------+----------------------
